 Dungeon Crawl Stone Soup version 0.29.1-13-g9f3cf754e1 (webtiles) character file.

Game seed: 5516232980435851766

20 cheesebisquit the Shooter (level 2, -1/25 HPs)
             Began as a Minotaur Hunter on Jan 29, 2023.
             Slain by Terence
             ... wielding a +0 flail
              (10 damage)
             ... on level 2 of the Dungeon.
             The game lasted 00:01:46 (760 turns).

cheesebisquit the Shooter (Minotaur Hunter)          Turns: 760, Time: 00:01:47

Health: -1/25      AC:  0    Str: 15    XL:     2   Next: 58%
Magic:  1/1        EV: 14    Int:  6    God:
Gold:   64         SH:  0    Dex: 13    Spells: 1/1 levels left

rFire   . . .      SeeInvis .   (weapon currently unavailable)
rCold   . . .      Faith    .   (shield currently unavailable)
rNeg    . . .      Spirit   .   (body armour currently unavailable)
rPois   .          Reflect  .   (helmet currently unavailable)
rElec   .          Harm     .   (cloak currently unavailable)
rCorr   .          Rampage  .   (gloves currently unavailable)
Will    .....                   (boots currently unavailable)
Stlth   ++........              (no amulet)
HPRegen 0.08/turn               (ring currently unavailable)
MPRegen 0.07/turn               (ring currently unavailable)

@: pig-form (expiring), very quick
A: fast, no casting, small, (horns 2), (retaliatory headbutt)
a: no special abilities


You were on level 2 of the Dungeon.
You were a filthy swine.
You visited 1 branch of the dungeon, and saw 2 of its levels.

You collected 64 gold pieces.

Inventory:

Hand Weapons
 a - a +0 shortbow (melded)
Missiles
 e - 3 poisoned darts
Armour
 c - a +0 leather armour (melded)
Jewellery
 f - a ring of resist corrosion (melded)
 l - an amulet of faith
Scrolls
 b - a scroll of immolation
 h - a scroll of identify {unknown}
 k - a scroll of magic mapping {unknown}
Potions
 d - a potion of curing
 g - a potion of heal wounds {unknown}
 i - a potion of flight {unknown}
 j - a potion of degeneration {unknown}


   Skills:
 - Level 2.5 Fighting
 + Level 5.2 Ranged Weapons
 - Level 2.2 Dodging
 - Level 0.8 Stealth


You had one spell level left.
You didn't know any spells.
Your spell library was empty.

Dungeon Overview and Level Annotations

Branches:
Dungeon (2/15)

Altars:

Annotations:
D:2 Terence


Innate Abilities, Weirdness & Mutations

You are a filthy swine.
You move quickly.
Your equipment is almost entirely melded.
You are incapable of wielding weapons or throwing items.
You cannot cast spells.
((You have a pair of horns on your head.))
((You reflexively headbutt those who attack you in melee.))


Message History

You hit Terence but do no damage.
Terence is lightly wounded.
Terence barely misses you.
You hit Terence.
Terence is moderately wounded.
Terence closely misses you.
You hit Terence but do no damage.
Terence is moderately wounded.
Terence hits you with a +0 flail.
You hit Terence but do no damage.
Terence is moderately wounded.
Terence closely misses you.
You hit Terence but do no damage.
Terence is moderately wounded.
Terence closely misses you.
You hit Terence.
Terence is heavily wounded.
Terence closely misses you.
You barely miss Terence.
Terence is heavily wounded.
Terence hits you with a +0 flail.
You barely miss Terence.
Terence is heavily wounded.
Your transformation is almost over.
Terence misses you.
Okay, then.
You hit Terence but do no damage.
Terence is heavily wounded.
Terence says, "Time to say good-bye..."
Terence closely misses you.
You hit Terence but do no damage.
Terence is heavily wounded.
Terence barely misses you.
You hit Terence but do no damage.
Terence is moderately wounded.
Terence hits you with a +0 flail.
You barely miss Terence.
Terence is moderately wounded.
Terence hits you with a +0 flail!
You die...

#.# #.# #.# #.#
#.# #B#...#
#@#...# #h#...#
#.#...# #.#...#
#.#...#
#.#...###### #
#...........
....####...####
#.........#
....####...# .


You could see Terence and a giant cockroach.

Vanquished Creatures
  3 bats (D:1)
  2 endoplasms (D:1)
  A giant cockroach (D:1)
  3 goblins (D:1)
  2 quokkas (D:1)
  2 ball pythons (D:1)
  3 frilled lizards (D:1)
  A kobold (D:1)
  2 rats (D:1)
19 creatures vanquished.

Notes
Turn   | Place    | Note
-------+----------+-------------------------------------------
     0 | D:1      | cheesebisquit the Minotaur Hunter began the quest for the
                  | Orb.
     0 | D:1      | Reached XP level 1. HP: 18/18 MP: 0/0
   246 | D:1      | Found a faded altar of an unknown god.
   248 | D:1      | Reached XP level 2. HP: 25/25 MP: 1/1
   306 | D:1      | Reached skill level 5 in Ranged Weapons
   738 | D:2      | Noticed Terence
   760 | D:2      | Slain by Terence

Illustrated notes

Levels and vault maps discovered:
D:1:      minmay_arrival_stair_chambers, layout_loops_ring,
          hellmonk_ecumenical_altar_zigzags
D:2:      layout_basic, uniq_terence

Skill      XL: |  1  2 |
---------------+-------+-----
Ranged Weapons | 5 |  5.2
Fighting       | |  2.5
Dodging        | |  2.2
Stealth        | |  0.8

Action                   || total
-------------------------++-------
Melee: Unarmed           ||    13
 Fire: Shortbow          ||    40
Armor: Leather armour    ||     3
Dodge: Dodged            ||    10
